 Dungeon Crawl Stone Soup version 0.30-b1-2-g02819fbbbe (webtiles) character file.

Game seed: 113301093824049662

925 LLlMATKO the Chopper (level 7, 0/64 HPs)
             Began as a Minotaur Berserker on June 7, 2023.
             Was a Priest of Trog.
             Killed from afar by Maggie (18 damage)
             ... with a bolt of fire
             ... on level 6 of the Dungeon.
             The game lasted 00:04:25 (4964 turns).

LLlMATKO the Chopper (Minotaur Berserker)           Turns: 4964, Time: 00:04:26

Health: 0/64       AC: 17    Str: 23    XL:     7   Next: 84%
Magic:  6/6        EV: 10    Int:  4    God:    Trog [***...]
Gold:   241        SH:  0    Dex: 10    Spells: 6/6 levels left

rFire   . . .        a - +0 hand axe
rCold   . . .        (no shield)
rNeg    . . .        u - +0 chain mail
rPois   .            x - +2 hat {SInv}
rElec   .            n - +0 cloak
rCorr   .            t - +2 pair of gloves
SInv    +            h - +0 pair of boots
Will    ++...        (no amulet) Stlth
                     (no ring)
HPRegen 1.30/turn    (no ring)
MPRegen 0.10/turn

%: no passive effects
@: strong-willed, regenerating
A: horns 2, retaliatory headbutt
a: Renounce Religion, Berserk, Trog's Hand


You were on level 6 of the Dungeon.
You worshipped Trog.
Trog was most pleased with you.
You visited 1 branch of the dungeon, and saw 6 of its levels.

You collected 241 gold pieces.

Inventory:

Hand Weapons
 a - a +0 hand axe (weapon)
Missiles
 f - 8 poisoned darts (quivered)
 g - 5 javelins
 i - 6 boomerangs
 o - 17 atropa-tipped darts
Armour
 h - a +0 pair of boots (worn)
 n - a +0 cloak (worn)
 t - a +2 pair of gloves (worn)
 u - a +0 chain mail (worn)
 x - a +2 hat of see invisible (worn)
Jewellery
 k - a ring of resist corrosion
 q - a ring of ice
Wands
 c - a wand of quicksilver (3)
Scrolls
 d - 8 scrolls of identify {unknown}
 e - 6 scrolls of fear {unknown}
 j - a scroll of summoning {unknown}
 p - a scroll of noise {unknown}
 r - a scroll of vulnerability {unknown}
 s - 2 scrolls of amnesia {unknown}
 v - a scroll of blinking {unknown}
Potions
 b - 5 potions of curing
 l - 3 potions of heal wounds {unknown}
 m - 5 potions of degeneration {unknown}
 w - a potion of haste {unknown}


   Skills:
 + Level 6.4 Fighting
 + Level 6.5 Axes
 + Level 5.8 Armour
 + Level 5.3 Dodging


You had 6 spell levels left.
You didn't know any spells.
Your spell library was empty.

Dungeon Overview and Level Annotations

Branches:
Dungeon (6/15)             Temple (0/1) D:6

Altars:
Fedhas
Vehumet
Zin

Shops:
D:2 (?   D:6 ?

Annotations:
D:6 Maggie


Innate Abilities, Weirdness & Mutations

You have a pair of horns on your head.
You reflexively headbutt those who attack you in melee.


Message History

You headbutt Maggie, but do no damage.
Unknown command.
You are too mesmerised to rage.
You slash Maggie!
Maggie is heavily wounded.
Maggie says, "Leave now, and tell all of Margery's mercy!"
Maggie barely misses you.
You are too mesmerised to rage.
You slash Maggie!
Maggie is heavily wounded.
Maggie barely misses you. You furiously retaliate!
You headbutt Maggie!
You are too mesmerised to rage.
Unknown command.
You are too mesmerised to rage.
You hit Maggie but do no damage. Your headbutt misses Maggie.
Maggie is severely wounded.
Maggie gestures at you while chanting. The bolt of fire hits you!
You are too mesmerised to rage.
You barely miss Maggie. Your headbutt misses Maggie.
Maggie is severely wounded.
Maggie drinks a potion.
Maggie is healed!
You are too mesmerised to rage.
You hit Maggie but do no damage. Your headbutt misses Maggie.
Maggie is severely wounded.
Maggie barely misses you. You furiously retaliate!
You headbutt Maggie.
You are too mesmerised to rage.
You completely miss Maggie. You headbutt Maggie, but do no damage.
Maggie is severely wounded.
Maggie hits you with a +0 glaive!
* * * LOW HITPOINT WARNING * * *
Your skin crawls.
You feel strong-willed.
You break out of your daze.
Maggie barely misses you.
You slash Maggie! You headbutt Maggie, but do no damage.
Maggie is almost dead.
Maggie gestures at you while chanting. The bolt of fire hits you!!
You die...

#.##≈∩..#
#######.##≈≈≈#
#......#..<..#######
###.###.###..........##
#......## ##.<.#####...
#.#.###.# #..#.# ###.
#.#.## #.#.#.# #.
#....####.##.#.# #.
#.....@@..##.#.# ##
##...####.##.... ⌠.
##.## #.##. +.> #.# #.
# #⌠) #.# ### #.. ###


You could see Maggie.

Vanquished Creatures
  2 phantoms
  A scorpion (D:5)
  2 howler monkeys (D:4)
  2 hounds (D:4)
  Crazy Yiuf (D:2)
  2 orc priests (D:5)
  A gnoll bouda (D:5)
  2 iguanas (D:5)
  4 orc wizards
  Terence (D:2)
  A mummy (D:4)
  6 gnolls (D:5)
  9 adders
  A shadow imp (D:5)
  An ufetubus (D:5)
  2 dart slugs
  16 orcs
  A bat (D:3)
  9 endoplasms
  4 giant cockroaches
  4 goblins
  3 hobgoblins
  2 jackals (D:3)
  3 quokkas
  3 ball pythons
  3 frilled lizards
  A hobgoblin zombie (D:4)
  5 kobolds
  A kobold zombie (D:4)
  2 orc zombies (D:4)
  3 rats (D:1)
98 creatures vanquished.

Vanquished Creatures (others)
  2 orc wizards (D:4)
2 creatures vanquished.

Grand Total: 100 creatures vanquished

Notes
Turn   | Place    | Note
-------+----------+-------------------------------------------
     0 | D:1      | LLlMATKO the Minotaur Berserker began the quest for the
                  | Orb.
     0 | D:1      | Reached XP level 1. HP: 19/19 MP: 0/0
   342 | D:1      | Found a faded altar of an unknown god.
   350 | D:1      | Reached XP level 2. HP: 27/27 MP: 1/1
   817 | D:2      | Found Ucettaryu's Magic Scroll Shop.
   819 | D:2      | Noticed Terence
   833 | D:2      | Killed Terence
   834 | D:2      | Reached XP level 3. HP: 4/33 MP: 2/2
  1131 | D:2      | Found Ledyowumm's Antique Weapon Emporium.
  1164 | D:2      | Reached ** piety under Trog
  1204 | D:2      | Reached XP level 4. HP: 40/40 MP: 3/3
  1258 | D:2      | Found a runed translucent door.
  1259 | D:2      | Noticed Crazy Yiuf
  1432 | D:2      | Found Noce's Magic Scroll Boutique.
  1770 | D:2      | Killed Crazy Yiuf
  1978 | D:3      | Reached XP level 5. HP: 47/47 MP: 4/4
  2851 | D:4      | Noticed a phantom
  2857 | D:4      | Killed a phantom
  2858 | D:4      | Reached skill level 5 in Fighting
  2858 | D:4      | Reached skill level 5 in Axes
  3084 | D:4      | Reached XP level 6. HP: 56/56 MP: 5/5
  3224 | D:4      | Found a blossoming altar of Fedhas.
  3858 | D:5      | Entered Level 5 of the Dungeon
  3862 | D:5      | Reached XP level 7. HP: 62/62 MP: 6/6
  3872 | D:5      | Reached skill level 5 in Armour
  4155 | D:5      | Reached *** piety under Trog
  4156 | D:5      | Reached skill level 5 in Dodging
  4801 | D:5      | Found a glowing silver altar of Zin.
  4801 | D:5      | Found a radiant altar of Vehumet.
  4908 | D:6      | Found Etafuat's Magic Scroll Shoppe.
  4918 | D:6      | Found a staircase to the Ecumenical Temple.
  4946 | D:6      | Noticed Maggie
  4964 | D:6      | Killed from afar by Maggie

Illustrated notes

Levels and vault maps discovered:
D:1:      saegor_arrival_simple_c, layout_basic, shapermc_ecumenical_altar_venn
D:2:      layout_loops_ring, serial_shops, shop, shop,
          nicolae_shop_behind_doors, guppyfry_early_orc_mine,
          uniq_crazy_yiuf_cottage, uniq_terence
D:3:      layout_loops_corners, chequers_serial_rivers_micro_c,
          kennysheep_pointless_box
D:4:      layout_loops_ring, kennysheep_mini, minmay_mini_ossuary
D:5:      layout_loops_ring, gammafunk_temple_overflow_statue
D:6:      layout_loops_ring, temple_doors_e, serial_shops,
          nicolae_shop_tiny_waterfront, reono_crystal_passage, uniq_maggie,
          uniq_menkaure

Skill      XL: |  1  2  3  4  5  6  7 |
---------------+----------------------+-----
Axes           | 4 5 6 |  6.5
Fighting       | 4 5 6 |  6.4
Armour         | 3 4 5 |  5.8
Dodging        | 3 4 5 |  5.3

Action                     |  1- 3 |  4- 6 |  7- 9 || total
---------------------------+-------+-------+-------++-------
  Melee: Hand axe          |    64 |   124 |    81 ||   269
         Headbutt          |     4 |    19 |    14 ||    37
         Punch             |       |     1 |     2 ||     3
 Invoke: Berserk           |     3 |     3 |     2 ||     8
         Trog's Hand       |       |       |     1 ||     1
 Armour: Ring mail         |    12 |       |       ||    12
         Scale mail        |    11 |    54 |       ||    65
         Chain mail        |       |     1 |    40 ||    41
  Dodge: Dodged            |    33 |    74 |    45 ||   152
